 Dungeon Crawl Stone Soup version 0.21.1-1-g345015f (webtiles) character file.

1174 crasatator the Shield-Bearer (level 8, -11/49 HPs)
             Began as a Gargoyle Fighter on Apr 30, 2018.
             Mangled by an ogre
             ... wielding a +0 giant club
              (20 damage)
             ... on level 4 of the Dungeon.
             The game lasted 00:18:02 (5947 turns).

crasatator the Shield-Bearer (Gargoyle Fighter)     Turns: 5947, Time: 00:18:02

Health: -11/49     AC: 13    Str: 22    XL:     8   Next: 41%
Magic:  8/8        EV:  9    Int:  9    God:
Gold:   286        SH: 10    Dex:  9    Spells: 7/7 levels left

rFire    . . .     SeeInvis .   a - +0 war axe
rCold    . . .     Gourm    .   c - +0 shield
rNeg     + . .     Faith    .   b - +0 scale mail
rPois    ∞         Spirit   .   (no helmet)
rElec    +         Reflect  .   (no cloak)
rCorr    .         Harm     .   (no gloves)
MR       .....                  (no boots)
Stlth    ..........             (no amulet)
HPRegen  0.16/turn              (no ring)
MPRegen  0.11/turn              (no ring)

@: no status effects
A: negative energy resistance 1, electricity resistance, unbreathing,
petrification resistance, rot immunity, AC +5
a: no special abilities


You were on level 4 of the Dungeon.
You were hungry.

You visited 1 branch of the dungeon, and saw 5 of its levels.

You collected 286 gold pieces.

Inventory:

Hand Weapons
 a - a +0 war axe (weapon)
Armour
 b - a +0 scale mail (worn)
 c - a +0 shield (worn)
 m - a +2 helmet
Jewellery
 u - an uncursed amulet of rage {unknown}
Wands
 l - a wand of polymorph (7)
Scrolls
 e - a scroll of enchant weapon {unknown}
 k - a scroll of blinking {unknown}
 q - 2 scrolls of fog {unknown}
 r - 2 scrolls of teleportation
 s - a scroll of immolation {unknown}
 v - 4 scrolls of identify {unknown}
 x - a scroll of magic mapping {unknown}
 y - a scroll of remove curse {unknown}
Potions
 d - 4 potions of might
 g - 2 potions of degeneration {unknown}
 h - 2 potions of berserk rage {unknown}
 i - a potion of brilliance {unknown}
 j - 2 potions of resistance
 o - 5 potions of heal wounds
 p - a potion of agility {unknown}
 t - 2 potions of haste {unknown}
 w - 2 potions of curing {unknown}
Comestibles
 f - 15 rations


   Skills:
 + Level 5.2 Fighting
 + Level 5.3 Axes
 + Level 5.1 Armour
 + Level 2.2 Dodging
 + Level 0.3 Stealth
 + Level 6.5 Shields
 + Level 0.2 Unarmed Combat


You had 7 spell levels left.
You didn't know any spells.

Dungeon Overview and Level Annotations

Branches:
Dungeon (5/15)
 Temple: D:4-7

Altars:
Hepliaklqana
Makhleb
Sif Muna

Annotations:
D:3 nightchill's ghost, novice HOMo


Innate Abilities, Weirdness & Mutations

You are resistant to torment.
Your stone body is resilient. (AC +5)
You are immune to poison.
You resist negative energy. (rN+)
You are resistant to electric shocks. (rElec)
You can survive without breathing.
You are immune to petrification.
You are immune to rotting.


Message History

The sky beast is almost dead.
You hit the ogre. You block the ogre's attack.
You block the sky beast's attack.
You barely miss the ogre.
The ogre is moderately wounded.
You barely miss the sky beast. The ogre hits you with a giant club!!
* * * LOW HITPOINT WARNING * * *
The sky beast hits you.
* * * LOW HITPOINT WARNING * * *
The sky beast shocks you. You resist.
* * * LOW HITPOINT WARNING * * *
All of the chunks of flesh in your inventory have rotted away.
The sky beast flickers out of sight!
Deactivating autopickup; reactivate with Ctrl-A.
A sky beast appears from thin air!
Reactivating autopickup.
The sky beast flickers out of sight!
Deactivating autopickup; reactivate with Ctrl-A.
The ogre hits you with a giant club!!
You die...

##'######.............+.......'..
#.....................#.......###
##...##...................>...#
#8...8#................###'####
##...##................# #.#
#..≈##..........#.....###O##
##...###########.#.....##...#
#8..Y8# #.#.....##...#####
##...#### ### #@#.....##.......#
##...##8###8####O########.......#
..............##.########.......#
..................#.≈.......#####
...............####.#####...#
##...##8###8##.# #.# #####
##.(.#### ####.# #O# #8...8#
#.####.# ##...## #..O...#


You could see an ogre.

Vanquished Creatures
  An ogre (D:4)
  A scorpion (D:5)
  2 howler monkeys
  2 crimson imps
  A bullfrog zombie (D:5)
  2 orc wizards
  5 hounds
  Crazy Yiuf (D:3)
  3 orc priests
  Jessica (D:2)
  Natasha (thrice) (D:3)
  An iguana (D:4)
  4 worker ants (D:4)
  A hound zombie (D:5)
  Robin (D:2)
  3 gnolls (D:3)
  15 adders
  3 oozes
  2 dart slugs (D:1)
  4 leopard geckos
  14 orcs
  10 bats
  7 giant cockroaches
  12 goblins
  12 hobgoblins
  A jackal (D:1)
  3 quokkas
  3 ball pythons
  3 frilled lizards
  2 kobolds
  8 rats
131 creatures vanquished.

Notes
Turn   | Place    | Note
-------+----------+-------------------------------------------
     0 | D:1      | crasatator the Gargoyle Fighter began the quest for the Orb.
     0 | D:1      | Reached XP level 1. HP: 14/14 MP: 1/1
    85 | D:1      | Reached XP level 2. HP: 18/19 MP: 2/2
   333 | D:1      | Reached XP level 3. HP: 24/24 MP: 3/3
   895 | D:2      | Noticed Jessica
  1073 | D:2      | Found a deep blue altar of Sif Muna.
  1117 | D:2      | Reached XP level 4. HP: 26/29 MP: 4/4
  1224 | D:2      | Noticed Robin
  1237 | D:1      | Reached skill level 4 in Shields
  1419 | D:2      | Killed Robin
  1938 | D:3      | Reached skill level 1 in Dodging
  1938 | D:3      | Reached XP level 5. HP: 33/33 MP: 5/5
  2127 | D:3      | Noticed Natasha
  2141 | D:3      | Killed Natasha
  2359 | D:2      | Killed Jessica
  2447 | D:3      | Reached XP level 6. HP: 11/38 MP: 6/6
  2706 | D:3      | Noticed Natasha
  2713 | D:3      | Killed Natasha
  2925 | D:3      | Noticed nightchill's ghost (novice HOMo)
  3217 | D:3      | Noticed Natasha
  3248 | D:3      | Killed Natasha
  3358 | D:3      | Found a burning altar of Makhleb.
  3447 | D:3      | Found a runed door.
  3895 | D:3      | Noticed Crazy Yiuf
  3903 | D:3      | Killed Crazy Yiuf
  3903 | D:3      | Reached XP level 7. HP: 37/44 MP: 7/7
  4259 | D:4      | Reached skill level 5 in Shields
  4617 | D:4      | Reached skill level 5 in Fighting
  5292 | D:4      | Reached XP level 8. HP: 45/49 MP: 8/8
  5352 | D:4      | Reached skill level 5 in Axes
  5460 | D:4      | Found a hazy altar of Hepliaklqana.
  5547 | D:5      | Entered Level 5 of the Dungeon
  5596 | D:5      | Reached skill level 6 in Shields
  5693 | D:5      | Reached skill level 5 in Armour
  5947 | D:4      | Mangled by an ogre

Skill      XL: |  1  2  3  4  5  6  7  8 |
---------------+-------------------------+-----
Axes           | 2 3 4 5 |  5.3
Shields        | 4 5 6 |  6.5
Dodging        | 1 2 |  2.2
Fighting       | 4 5 |  5.2
Armour         | 4 5 |  5.1
Stealth        | |  0.3
Unarmed Combat | |  0.2

Action                   |  1- 3 |  4- 6 |  7- 9 || total
-------------------------+-------+-------+-------++-------
Melee: War axe           |   139 |   282 |   263 ||   684
       Unarmed           |       |    20 |       ||    20
  Use: Scroll            |       |       |     2 ||     2
  Eat: Chunk             |     1 |     6 |       ||     7
       Ration            |       |     1 |     2 ||     3
Armor: Scale mail        |    87 |   155 |   144 ||   386
       Skin              |       |     6 |       ||     6
Dodge: Dodged            |    50 |   119 |    98 ||   267
Block: Shield            |    88 |   183 |   144 ||   415
